cohdb
Replays
Latest Replays
All Replays
Popular Replays
Top Player Replays
Match Explorer
How It Works
Community
CoH3 Stats
Reddit
Sign in to upload your games and track your stats! →
Sign in with Steam
Match 42381268
Unlisted
Match 42381268
Overview
Messages
Build Orders
End
Vickers Machine Gun Team
Construct Section Command Post
Dingo Light Scout Car
Infantry Section
ML 3-inch Mortar Team
Selects Air and Sea Battlegroup
Dingo Light Scout Car
Selects Supply Surplus
Construct Field Infirmary
Construct Platoon Command Post
Selects Commando Section Paradrop
Selects Commando Support Section Paradrop
Humber Armored Car
AI Takeover
ドルーギー
Geffery
AoL
DragonNeko
Kylen
runningDuck
0
0
Comments
sign in to comment!
No comments posted yet!